 Dungeon Crawl Stone Soup version 0.29.0-11-gd7f09526c8 (webtiles) character file.

Game seed: 2202682996536580931

762 Artool the Shield-Bearer (level 7, -3/63 HPs)
             Began as a Minotaur Fighter on Sept 6, 2022.
             Slain by an ogre
             ... wielding a +0 giant club
              (19 damage)
             ... on level 5 of the Dungeon.
             The game lasted 00:13:34 (5998 turns).

Artool the Shield-Bearer (Minotaur Fighter)         Turns: 5998, Time: 00:13:35

Health: -3/63      AC:  7    Str: 23    XL:     7   Next: 51%
Magic:  6/6        EV:  9    Int:  5    God:
Gold:   268        SH:  5    Dex:  9    Spells: 6/6 levels left

rFire   + . .      SeeInvis .   a - +0 long sword
rCold   + . .      Faith    .   c - +0 buckler
rNeg    + . .      Spirit   .   b - +0 scale mail
rPois   .          Reflect  .   (helmet restricted)
rElec   .          Harm     .   x - scarf {rC+ rF+}
rCorr   .          Rampage  .   (no gloves)
Will    .....                   (no boots)
Stlth   ..........              (no amulet)
HPRegen 0.20/turn               B - ring of positive energy
MPRegen 0.10/turn               (no ring)

@: no status effects
A: horns 2, retaliatory headbutt
a: no special abilities


You were on level 5 of the Dungeon.
You visited 1 branch of the dungeon, and saw 5 of its levels.

You collected 268 gold pieces.

Inventory:

Hand Weapons
 a - a +0 long sword (weapon)
Missiles
 f - 13 stones
 h - 4 boomerangs
 s - 4 javelins (quivered)
 v - 4 silver javelins
Armour
 b - a +0 scale mail (worn)
 c - a +0 buckler (worn)
 g - a +0 robe of cold resistance
 x - a scarf of resistance (worn)
Magical Staves
 e - a staff of fire
Jewellery
 B - a ring of positive energy (left hand)
Scrolls
 i - a scroll of enchant armour {unknown}
 j - 4 scrolls of teleportation {unknown}
 k - 4 scrolls of identify {unknown}
 l - a scroll of immolation {unknown}
 n - a scroll of noise {unknown}
 p - a scroll of magic mapping {unknown}
 q - a scroll of brand weapon {unknown}
 r - a scroll of poison {unknown}
 w - a scroll of torment {unknown}
 y - a scroll of acquirement {unknown}
 A - a scroll of amnesia {unknown}
 E - a scroll of blinking {unknown}
Potions
 d - 5 potions of might
 m - a potion of invisibility {unknown}
 o - a potion of heal wounds {unknown}
 t - a potion of mutation {unknown}
 u - a potion of magic {unknown}
 z - 3 potions of brilliance {unknown}
 C - a potion of curing {unknown}
 D - a potion of lignification {unknown}


   Skills:
 + Level 6.2 Fighting
 + Level 5.5 Long Blades
 + Level 6.1 Armour
 + Level 6.2 Shields


You had 6 spell levels left.
You didn't know any spells.
Your spell library contained the following spells:

 Spells                   Type           Power      Damage    Failure   Level
 Beastly Appendage        Tmut           0%         N/A       85%         1
 Ensorcelled Hibernation  Hex/Ice        0%         N/A       94%         2
 Passwall                 Tmut/Erth      0%         N/A       94%         2
 Wereblood                Tmut           0%         N/A       94%         2
 Spider Form              Tmut/Pois      0%         N/A       99%         3
 Swiftness                Air            0%         N/A       99%         3


Dungeon Overview and Level Annotations

Branches:
Dungeon (5/15)
 Temple: D:4-7

Altars:
Fedhas
Nemelex Xobeh

Annotations:
D:4 Dowan, Duvessa


Innate Abilities, Weirdness & Mutations

You have a pair of horns on your head.
You reflexively headbutt those who attack you in melee.


Message History

The black bear claws you. The black bear completely misses you.
The black bear claws you. You block the black bear's attack.
You barely miss the black bear.
The black bear is heavily wounded.
The black bear bites you. The black bear claws you. x2
You hit the black bear. Your headbutt misses the black bear.
The black bear is severely wounded.
The black bear goes berserk!
You hit the black bear.
The black bear is almost dead.
The black bear completely misses you.
The black bear claws you but does no damage. x2
You block the black bear's attack. The black bear claws you.
The black bear barely misses you.
You hit the black bear. Your headbutt misses the black bear.
The black bear is almost dead.
The black bear bites you but does no damage.
The black bear claws you but does no damage. x2
The black bear bites you! The black bear barely misses you.
The black bear claws you but does no damage.
You completely miss the black bear.
The black bear is almost dead.
The black bear bites you. The black bear barely misses you.
The black bear claws you.
The black bear bites you but does no damage.
The black bear claws you.
The black bear claws you but does no damage.
You slash the black bear!
You kill the black bear!
You hit the ogre. You headbutt the ogre!
The ogre is severely wounded.
The ogre hits you with a +0 giant club!
* * * LOW HITPOINT WARNING * * *
You hit the ogre.
The ogre is severely wounded.
The ogre barely misses you. You furiously retaliate!
You headbutt the ogre. You barely miss the ogre.
The ogre is almost dead.
The ogre hits you with a +0 giant club!!
You die...

#.#######.............#
#.
..##........###########
#. ####.###.....# #.
#.# ##...## #. ####.#
##.## ###### ## .....#
#.# #....# ##########.#
#.88.# ###.......#
####.88.# #...#..#..#
#.@O....# #..#..#...#
#.#####'#
##...#....####.## ..#
#..#..#........# #..#
#.#..#...#####.# .###
### #...#......###[##.
#.. ##..#..#..#......#O
#.# #..#..#....####.##
#.# ##...#......###.#
#.#


You could see an ogre.

Vanquished Creatures
  3 black bears (D:5)
  2 scorpions (D:5)
  A necrophage (D:5)
  A jelly (D:5)
  2 orc priests
  An iguana (D:5)
  Robin (D:2)
  7 adders
  A white imp (D:5)
  5 worms
  2 dart slugs
  11 orcs
  3 bats
  7 endoplasms
  18 goblins
  8 hobgoblins
  2 jackals (D:5)
  2 quokkas
  8 ball pythons
  2 frilled lizards (D:1)
  7 kobolds
  5 rats
99 creatures vanquished.

Vanquished Creatures (others)
  10 fungi (D:1)
10 creatures vanquished.

Grand Total: 109 creatures vanquished

Notes
Turn   | Place    | Note
-------+----------+-------------------------------------------
     0 | D:1      | Artool the Minotaur Fighter began the quest for the Orb.
     0 | D:1      | Reached XP level 1. HP: 19/19 MP: 0/0
   179 | D:1      | Reached XP level 2. HP: 26/27 MP: 1/1
   436 | D:1      | Found a faded altar of an unknown god.
   843 | D:1      | Reached XP level 3. HP: 33/33 MP: 2/2
  1836 | D:2      | Noticed Robin
  1851 | D:2      | Killed Robin
  1860 | D:2      | Reached XP level 4. HP: 29/41 MP: 3/3
  2986 | D:3      | Reached XP level 5. HP: 45/47 MP: 4/4
  2998 | D:3      | Found a sparkling altar of Nemelex Xobeh.
  4135 | D:4      | Noticed Duvessa
  4135 | D:4      | Noticed Dowan
  4207 | D:5      | Entered Level 5 of the Dungeon
  4318 | D:5      | Reached skill level 5 in Fighting
  4318 | D:5      | Reached skill level 5 in Armour
  4318 | D:5      | Reached skill level 5 in Shields
  4465 | D:5      | Reached XP level 6. HP: 49/56 MP: 5/5
  4841 | D:5      | Found a blossoming altar of Fedhas.
  5261 | D:5      | Reached skill level 5 in Long Blades
  5261 | D:5      | Reached XP level 7. HP: 38/62 MP: 6/6
  5998 | D:5      | Slain by an ogre

Illustrated notes

Levels and vault maps discovered:
D:1:      mrwooster_arrival_statue_3, layout_basic,
          hellmonk_ecumenical_altar_pennies_from_heaven,
          dreamdust_mushroom_princess
D:2:      layout_loops_corners, serial_rivers, chequers_serial_rivers_micro_d,
          chequers_serial_rivers_small_b, chequers_serial_rivers_micro_c,
          chequers_serial_rivers_marsh, chequers_serial_rivers_large_a,
          chequers_serial_rivers_room_a, uniq_robin
D:3:      minmay_angry_zag, layout_loops_cross, nemelex_dance_club_becter,
          hangedman_decor_points
D:4:      dreamdust_elfheim, layout_basic
D:5:      minmay_chambers_of_fours, layout_loops_corners, fedhas_altar_4,
          minmay_misc_feat_diagonals, serial_park_tiny_2

Skill      XL: |  1  2  3  4  5  6  7 |
---------------+----------------------+-----
Shields        | 4 5 6 |  6.2
Fighting       | 4 5 6 |  6.2
Armour         | 4 5 6 |  6.1
Long Blades    | 3 4 5 |  5.5

Action                   |  1- 3 |  4- 6 |  7- 9 || total
-------------------------+-------+-------+-------++-------
Melee: Long sword        |   104 |   186 |    36 ||   326
       Headbutt          |    13 |    40 |     3 ||    56
Throw: Boomerang         |     3 |       |       ||     3
       Javelin           |       |     5 |       ||     5
       Stone             |       |     1 |       ||     1
Armor: Scale mail        |    47 |    62 |    33 ||   142
Dodge: Dodged            |    32 |    70 |    20 ||   122
Block: Buckler           |    24 |    45 |    12 ||    81
